 Dungeon Crawl Stone Soup version 0.29-a0-1027-gcd8c55af63 (webtiles) character file.

Game seed: 15574247875419450736

9 ragingrage the Sneak (level 2, -4/27 HPs)
             Began as a Minotaur Delver on Aug 13, 2022.
             Slain by a gnoll bouda
             ... wielding a +0 whip
              (9 damage)
             ... on level 5 of the Dungeon.
             The game lasted 00:00:23 (642 turns).

ragingrage the Sneak (Minotaur Delver)               Turns: 642, Time: 00:00:24

Health: -4/27      AC:  3    Str: 16    XL:     2   Next: 6%
Magic:  1/1        EV: 12    Int:  7    God:
Gold:   20         SH:  0    Dex: 11    Spells: 1/1 levels left

rFire   . . .      SeeInvis .   a - +0 war axe
rCold   . . .      Faith    .   (no shield)
rNeg    . . .      Spirit   .   b - +0 leather armour
rPois   .          Reflect  .   (helmet restricted)
rElec   .          Harm     .   (no cloak)
rCorr   .          Rampage  .   (no gloves)
Will    .....                   (no boots)
Stlth   ++........              (no amulet)
HPRegen 0.09/turn               (no ring)
MPRegen 0.07/turn               (no ring)

@: weakened
A: horns 2, retaliatory headbutt
a: no special abilities


You were on level 5 of the Dungeon.
You visited 1 branch of the dungeon, and saw 3 of its levels.

You collected 20 gold pieces.

Inventory:

Hand Weapons
 a - a +0 war axe (weapon)
Missiles
 h - 6 atropa-tipped darts (quivered)
Armour
 b - a +0 leather armour (worn)
Wands
 g - a wand of digging (3)
Scrolls
 c - a scroll of fog
 d - a scroll of magic mapping
 e - a scroll of fear
 j - a scroll of butterflies {unknown}
Potions
 f - a potion of haste
 i - a potion of berserk rage {unknown}


   Skills:
 + Level 3.8 Fighting
 + Level 2.7 Axes
 + Level 2.4 Dodging
 + Level 4.2 Stealth


You had one spell level left.
You didn't know any spells.
Your spell library contained the following spells:

 Spells                   Type           Power      Damage    Failure   Level
 Blink                    Tloc           0%         N/A       65%         2
 Lesser Beckoning         Tloc           0%         N/A       86%         3
 Manifold Assault         Tloc           0%         N/A       100%        5


Dungeon Overview and Level Annotations

Branches:
Dungeon (6/15)
 Temple: D:4-7

Altars:

Annotations:
D:5 exclusion: upstairs


Innate Abilities, Weirdness & Mutations

You have a pair of horns on your head.
You reflexively headbutt those who attack you in melee.


Message History

You climb downwards.
Level annotation: exclusion: upstairs
There is a stone staircase leading up here.
You closely miss the gnoll bouda. You closely miss the gnoll.
The gnoll bouda closely misses you. The gnoll closely misses you.
The gnoll bouda hits you with a +0 whip.
The gnoll hits you with a +0 flail.
You closely miss the gnoll bouda. You hit the gnoll but do no damage.
The gnoll closely misses you.
The gnoll bouda barks out a call to the hunt!
The gnoll picks up the pace!
You hit the gnoll bouda.
The gnoll bouda is moderately wounded.
You hit the gnoll but do no damage. The gnoll misses you.
You furiously retaliate!
You headbutt the gnoll.
The gnoll bouda gazes fiercely through you!
You feel your attacks grow feeble.
The gnoll bouda hits you with a +0 whip.
You hit the gnoll bouda but do no damage.
The gnoll bouda is moderately wounded.
You hit the gnoll but do no damage. The gnoll bouda misses you.
The gnoll misses you.
The gnoll bouda hits you with a +0 whip.
The gnoll closely misses you.
You barely miss the gnoll bouda. You headbutt the gnoll bouda.
The gnoll bouda is heavily wounded.
You hit the gnoll. The gnoll misses you. You furiously retaliate!
You headbutt the gnoll.
The gnoll bouda hits you but does no damage.
You slash the gnoll bouda!
The gnoll bouda is almost dead.
You hit the gnoll. The gnoll closely misses you. You furiously retaliate!
You headbutt the gnoll.
The gnoll bouda hits you with a +0 whip.
* * * LOW HITPOINT WARNING * * *
You barely miss the gnoll bouda.
The gnoll bouda is almost dead.
You barely miss the gnoll.
The gnoll bouda hits you with a +0 whip!
You die...

######## #......###
#.##.....# #.##..#<.#
#.#...#..#
#.....#....####
#..#######.....######
##....#@g..###......#
##.#.#g#### #####.####
#...#.# #........#
###...#######.######.#
#.###.......# #.....
#.# #.......# #.##.#
#.# #.......# #.##.#
###.# #.......# #.##..
#...# #.......# #.##.#


You could see a gnoll bouda and a gnoll (swift).

Vanquished Creatures
  An adder (D:5)
1 creature vanquished.

Notes
Turn   | Place    | Note
-------+----------+-------------------------------------------
     0 | D:5      | ragingrage the Minotaur Delver began the quest for the Orb.
     0 | D:5      | Reached XP level 1. HP: 19/19 MP: 0/0
   162 | D:4      | Noticed an orc wizard
   162 | D:4      | Noticed an orc wizard
   162 | D:4      | Noticed an orc wizard
   162 | D:4      | Noticed a jelly
   198 | D:6      | Noticed a scorpion
   225 | D:5      | Reached XP level 2. HP: 22/27 MP: 1/1
   642 | D:5      | Slain by a gnoll bouda

Illustrated notes

Levels and vault maps discovered:
D:4:      layout_cave_pods, fedhas_altar_2, serial_shops, shop,
          kennysheep_generic_room_10, uniq_duvessa, uniq_edmund
D:5:      layout_loops_cross, makhleb_altar_promises_db,
          chequers_temple_overflow_statue_of_worship, temple_doors_e,
          uniq_crazy_yiuf_cottage
D:6:      minmay_klotski, layout_basic, grunt_temple_overflow_open

Action                   || total
-------------------------++-------
Melee: War axe           ||    10
       Headbutt          ||     2
Armor: Leather armour    ||     1
Dodge: Dodged            ||    13

Table legend: (Time is in decaauts)
 A = Elapsed time spent in this place.
 B = Non-inter-level travel time spent in this place.
 C = Inter-level travel time spent in this place.
 D = Time resting spent in this place.
 E = Time spent auto-exploring this place.
 F = Levels seen in this place.
 G = Mean time per level.
                   A        B        C        D        E       F      G
               +--------+--------+--------+--------+--------+-----+--------+
         Total |    645 |    586 |     59 |    309 |    224 |   3 |  215.0 |
       Dungeon |    645 |    586 |     59 |    309 |    224 |   3 |  215.0 |
               +--------+--------+--------+--------+--------+-----+--------+

Top non-repeatable levels by time:
     D:5: 638 daAuts
     D:4: 5 daAuts
     D:6: 1 daAuts
